 Dungeon Crawl Stone Soup version 0.31-a0-986-g5e6e4ef867 (webtiles) character file.

Game seed: 1715347479846531374

27893 ytrimaz the Nimble (level 13, -4/67 HPs)
             Began as a Vine Stalker Berserker on Nov 9, 2023.
             Was a High Priest of Trog.
             Succumbed to a green ugly thing's poison
             ... on level 14 of the Dungeon on Nov 14, 2023.
             The game lasted 00:18:36 (12254 turns).

ytrimaz the Nimble (Vine Stalker Berserker)        Turns: 12254, Time: 00:18:36

Health: -4/67      AC: 10    Str: 22    XL:     13   Next: 35%
Magic:  8/14       EV: 20    Int:  7    God:    Trog [*****.]
Gold:   697        SH:  0    Dex: 17    Spells: 12/12 levels left

rFire   . . .        G - +4 quick blade (heavy)
rCold   . . .        (no shield)
rNeg    . . .        w - +0 steam dragon scales
rPois   .            (no helmet)
rElec   .            H - +2 cloak
rCorr   +            d - +1 pair of gloves {Stlth+}
SInv    .            (no boots)
Will    +....        g - amulet of reflection
Stlth   +++          A - ring of resist corrosion
HPRegen 1.11/turn    b - ring of flight
MPRegen 0.14/turn

%: reflection, guardian spirit
@: confused, lethally poisoned (-4 -> -50), ambrosia-drunk, attractive, flying
A: fangs 3, regeneration 1, magic shield, antimagic bite, no potion heal 2
a: Renounce Religion, Berserk, Trog's Hand, Brothers in Arms


You were on level 14 of the Dungeon.
You worshipped Trog.
Trog was extremely pleased with you.
You visited 2 branches of the dungeon, and saw 15 of its levels.
You also visited: Sewer and Bailey.

You collected 1303 gold pieces.
You spent 606 gold pieces at shops.


Innate Abilities, Weirdness & Mutations

You have razor-sharp teeth.
Your natural rate of healing is unusually fast.
When hurt, damage is shared between your health and your magic reserves.
Your bite disrupts and absorbs the magic of your enemies.
Potions cannot restore your health.


   Skills:
 + Level 7.5 Fighting
 + Level 11.2 Short Blades
 - Level 1.6 Armour
 + Level 13.6 Dodging
 - Level 9.0 Stealth


You had 12 spell levels left.
You didn't know any spells.
Your spell library was empty.

Inventory:

Hand Weapons
 a - a +1 dagger of venom
   (You took it off Josephine on level 14 of the Dungeon)
 e - the +4 dagger of Vozodghak {elec, Int+3}
   (You found it on level 6 of the Dungeon)

   Int+3:     It affects your intelligence (+3).
 q - the +3 scimitar "Jellyslayer" {drain, rC+ Dex+4}
   (You found it in a sewer)

   Dex+4:     It affects your dexterity (+4).
   rC+:       It protects you from cold.
 x - a +4 scimitar of flaming
   (You took it off Maggie on level 7 of the Dungeon)
 G - a +4 heavy quick blade (weapon)
   (Trog gifted it to you on level 12 of the Dungeon)
 L - a +0 demon blade of draining
   (You found it in a bailey)
Missiles
 r - a throwing net
 B - 6 curare-tipped darts
 M - 8 datura-tipped darts
Armour
 d - a +1 pair of gloves of stealth (worn)
   (You found it on level 1 of the Dungeon)
 w - +0 steam dragon scales (worn)
   (You took it off Maggie on level 7 of the Dungeon)
 z - a +0 cloak
   (You took it off Maurice on level 9 of the Dungeon)
 H - a +2 cloak (worn)
   (You found it on level 10 of the Dungeon)
 O - a +2 ring mail of cold resistance
   (You found it in a bailey)
Jewellery
 b - a ring of flight (right hand)
   (You found it on level 7 of the Dungeon)
 g - an amulet of reflection (around neck)
   (You found it in a sewer)
 h - a ring of fire
   (You found it on level 7 of the Dungeon)
 p - a +6 ring of strength
   (You found it on level 4 of the Dungeon)
 A - a ring of resist corrosion (left hand)
   (You found it on level 8 of the Dungeon)
 R - an amulet of magic regeneration
   (You found it on level 10 of the Dungeon)
Wands
 t - a wand of polymorph (14)
   (You took it off Ijyb on level 5 of the Dungeon)
 u - a wand of quicksilver (14)
   (You found it on level 6 of the Dungeon)
 y - a wand of roots (2) (quivered)
   (You found it on level 8 of the Dungeon)
 I - a wand of mindburst (16)
   (You found it on level 13 of the Dungeon)
 N - a wand of flame (18)
   (You found it in a bailey)
 T - a wand of paralysis (2)
   (You found it on level 13 of the Dungeon)
Scrolls
 c - 5 scrolls of blinking
 f - 2 scrolls of teleportation
 i - 4 scrolls of vulnerability
 k - a scroll of fog
 m - a scroll of enchant armour
 n - 3 scrolls of immolation
 s - a scroll of brand weapon
 v - 2 scrolls of noise
 C - a scroll of silence
 D - a scroll of fear
 P - a scroll of summoning
Potions
 j - 5 potions of mutation
 l - 2 potions of cancellation
 o - 3 potions of haste
 E - 3 potions of might
 J - a potion of resistance
 Q - a potion of magic {unknown}
 S - a potion of enlightenment {unknown}

Dungeon Overview and Level Annotations

Branches:
Dungeon (14/15) Zot: 26784  Temple (1/1) D:7 Zot: 5998    Lair (0/5) D:10
    Orc (0/2) D:12         Vaults (0/5) D:13          Sewer (visited)
 Bailey (visited)

Altars:
Ashenzari
Cheibriados
Dithmenos
Elyvilon
Fedhas
Gozag
Hepliaklqana
Kikubaaqudgha
Makhleb
Nemelex Xobeh
Okawaru
Qazlal
Ru
Sif Muna
Trog
Uskayaw
Xom
Yredelemnul
Zin
The Shining One

Shops:
D:1 :   D:8 :   D:9 (   D:10 *!*

Portals:
Abyss: D:5

Annotations:
D:5 2 transporters, GloriousHammer's ghost, novice MiFi

#.# ####### #..
#.# #.....# #..
#.# #.....# #..
#.# #<....# #..
#.# #.....# #..
#.# #.....# #..
#.# #.[...#
#[####.....##
#..@uuW....'#
######.....'######
####.........#
#≈≈~u~~......~
≈≈≈≈≈≈~≈≈u≈..~≈~
≈#≈≈≈≈~~~≈≈~~~≈#
≈≈≈≈≈~....~≈≈≈≈#
≈≈≈~~..>...~~...
≈≈~.............


You could see 2 ugly things and a wraith.


Message History

You kill the brown ugly thing!
Trog accepts your kill.
You hit the green ugly thing but do no damage.
You bite the green ugly thing, but do no damage.
You barely miss the green ugly thing. You bite the green ugly thing.
You drain its power.
You are no longer corroded.
The green ugly thing stings you!
Unknown command. 😕 HP[-10] MP[-2]
You take 10 damage, and now have 57/67 hp.
You lost 2 mp, and now have 12/14 mp.
You puncture the green ugly thing! You hit the green ugly thing.
The green ugly thing basks in the mutagenic energy from its kin and changes! 😕 HP[+1]
You hit the brown ugly thing. You bite the brown ugly thing!
You drain its power.
You feel invigorated.
You puncture the brown ugly thing! 😕 HP[+2] MP[+2]
You regained 2 hp, and now have 60/67 hp.
Your mp is fully restored (14).
Unknown command.
You hit the brown ugly thing. x2
The brown ugly thing tentacle-slaps you.
You are splashed with acid.
You resist. 😕 HP[-7] MP[-2]
You take 7 damage, and now have 53/67 hp.
You lost 2 mp, and now have 12/14 mp.
Unknown command.
You completely miss the brown ugly thing.
You hit the brown ugly thing.
The red ugly thing basks in the mutagenic energy from its kin and changes!
The brown ugly thing completely misses you. 😕 HP[+1]
You hit the brown ugly thing. Your bite misses the brown ugly thing.
You hit the brown ugly thing. Your bite misses the brown ugly thing.
The brown ugly thing misses you. 😕 HP[+1] Unknown command.
You hit the brown ugly thing.
You barely miss the brown ugly thing. 😕 HP[+1]
You hit the brown ugly thing.
You bite the brown ugly thing, but do no damage.
You puncture the brown ugly thing!
You kill the brown ugly thing!
Trog accepts your kill. 😕 HP[+1] MP[+1] Unknown command.
You barely miss the green ugly thing. You hit the green ugly thing.
Your bite misses the green ugly thing.
The green ugly thing headbutts you! 😮 HP[-7] MP[-1]
You take 7 damage, and now have 50/67 hp.
You lost 1 mp, and now have 12/14 mp.
Unknown command.
You hit the green ugly thing. You bite the green ugly thing.
You drain its power.
You feel invigorated.
You hit the green ugly thing. You bite the green ugly thing.
You drain its power.
You feel invigorated.
The green ugly thing completely misses you. 😕 HP[+1] MP[+2]
Your mp is fully restored (14).
You hit the green ugly thing but do no damage.
You puncture the green ugly thing! You bite the green ugly thing.
You drain its power.
The green ugly thing headbutts you! 😮 HP[-6] MP[-2]
You take 6 damage, and now have 45/67 hp.
You lost 2 mp, and now have 12/14 mp.
Unknown command.
You barely miss the green ugly thing. Your bite misses the green ugly thing.
You hit the green ugly thing. Your bite misses the green ugly thing.
The green ugly thing headbutts you.
You are poisoned.
The green ugly thing poisons you! 😮 HP[-3] MP[-1]
You take 3 damage, and now have 42/67 hp.
You lost 1 mp, and now have 11/14 mp.
You hit the green ugly thing but do no damage.
You bite the green ugly thing. You drain its power.
You feel invigorated.
You hit the green ugly thing.
You bite the green ugly thing, but do no damage.
You feel extremely sick. The green ugly thing headbutts you!
* * * LOW HITPOINT WARNING * * *
You are lethally poisoned!
The green ugly thing poisons you! 😨 HP[-16] MP[-1]
You take 16 damage, and now have 26/67 hp.
MASSIVE DAMAGE!! (PAUSE)
You lost 1 mp, and now have 10/14 mp.
It was a potion of attraction.
You feel attractive to monsters.
* * * LOW HITPOINT WARNING * * *
You feel extremely sick. The green ugly thing headbutts you!
* * * LOW HITPOINT WARNING * * *
😱 HP[-19] MP[-5]
You take 19 damage, and now have 7/67 hp.
MASSIVE DAMAGE!! (PAUSE)
You lost 5 mp, and now have 5/14 mp.
You are confused.
Your system rejects the healing.
You feel invigorated.
You die...

Skill      XL: |  1  2  3  4  5  6  7  8  9 10 11 12 13 |
---------------+----------------------------------------+-----
Stealth        | 1 2 3 4 5 6 8 9 |  9.0
Short Blades   | 3 4 5 6 8 10 11 | 11.2
Dodging        | 5 9 12 13 | 13.6
Fighting       | 6 7 |  7.5
Armour         | |  1.6

Action                     |  1- 3 |  4- 6 |  7- 9 | 10-12 | 13-15 || total
---------------------------+-------+-------+-------+-------+-------++-------
  Melee: Short sword       |   102 |   170 |   216 |       |       ||   488
         Bite              |    15 |    75 |   108 |   164 |    40 ||   402
         Punch             |       |     1 |     7 |     5 |     1 ||    14
         Dagger            |       |       |   151 |   445 |       ||   596
         Quick blade       |       |       |       |    45 |   120 ||   165
  Throw: Dart              |       |       |       |     6 |       ||     6
         Throwing net      |       |       |       |     1 |       ||     1
 Invoke: Berserk           |       |     1 |     2 |     7 |     1 ||    11
         Trog's Hand       |       |       |     1 |     5 |       ||     6
         Brothers in Arms  |       |       |       |     3 |       ||     3
  Evoke: Wand              |       |       |     2 |    13 |       ||    15
    Use: Potion            |       |     1 |       |     3 |     2 ||     6
         Scroll            |       |       |    12 |     4 |       ||    16
   Stab: Sleeping          |    16 |    10 |    19 |    18 |     2 ||    65
         Distracted        |       |     1 |     1 |     1 |       ||     3
 Armour: Animal skin       |    45 |    55 |   112 |       |       ||   212
         Steam dragon scal |       |       |    38 |   169 |    27 ||   234
         Skin              |       |       |       |    13 |       ||    13
  Dodge: Dodged            |    47 |    58 |   122 |   275 |    33 ||   535
  Block: Other             |       |       |    25 |    86 |    12 ||   123
         Reflection        |       |       |       |     9 |       ||     9

Levels and vault maps discovered:
D:1:      onia_arrival_handbag, layout_basic, serial_shops, shop
D:2:      layout_loops_ring, dilly_ecumenical_altar_fadedgnrine
D:3:      layout_basic, old_standard_altar
D:4:      layout_loops_ring, fedhas_altar_decomposition,
          lemuel_coloured_pillars_altar, minmay_misc_feat_encased
D:5:      layout_rooms, gammafunk_ghost_abyssal_escape,
          cheibrodos_sewer_entry_drain, kennysheep_donut, uniq_ijyb
D:6:      minmay_evil_eye, layout_basic
D:7:      layout_basic, nicolae_overflow_quartered_altars,
          minmay_temple_entry_proselytizer, uniq_maggie, uniq_menkaure,
          uniq_pikel
D:8:      layout_basic, serial_shops, nicolae_diamond_shop, nrook_pool_corridor
D:9:      layout_cave_pools, nzn_hepliaklqana_mist_gate, serial_shops,
          nicolae_shop_bloodbath_and_beyond, uniq_psyche, uniq_erolcha,
          uniq_maurice
D:10:     layout_stronghold, nicolae_ru_awakened_eye, lemuel_doored_altar,
          david_lair_generic, serial_shops, nicolae_shop_stone, shop,
          nicolae_stop_n_shop_2, enter_bailey_3
D:11:     layout_loops_ring, uniq_snorg
D:12:     layout_basic, orc_0_dummy
D:13:     layout_irregular_city, david_vaults_2, minmay_door_square,
          uniq_rupert, uniq_azrael
D:14:     layout_basic, lemuel_round_altar, uniq_josephine
Temple:   nicolae_temple_no_exploring_needed

Notes
Turn   | Place    | Note
-------+----------+-------------------------------------------
     0 | D:1      | ytrimaz the Vine Stalker Berserker began the quest for the
                  | Orb.
     0 | D:1      | Reached XP level 1. HP: 11/11 MP: 2/2
     0 | D:1      | magus.rc [v1.9.6]
    79 | D:1      | Reached skill level 1 in Stealth
   143 | D:1      | Reached XP level 2. HP: 16/16 MP: 1/3
   241 | D:1      | Reached skill level 3 in Short Blades
   336 | D:1      | Reached skill level 2 in Stealth
   378 | D:1      | Found Kokoec's Book Shoppe.
   418 | D:1      | Reached XP level 3. HP: 19/19 MP: 4/4
   443 | D:1      | Reached ** piety under Trog
  1009 | D:2      | Found a faded altar of an unknown god.
  1183 | D:2      | Reached skill level 3 in Stealth
  1315 | D:2      | Reached XP level 4. HP: 23/23 MP: 5/5
  1646 | D:3      | Found a snail-covered altar of Cheibriados.
  1895 | D:3      | Reached skill level 4 in Short Blades
  1895 | D:3      | Reached skill level 4 in Stealth
  1895 | D:3      | Reached XP level 5. HP: 27/27 MP: 6/6
  2057 | D:3      | Reached *** piety under Trog
  2270 | D:4      | Found a blossoming altar of Fedhas.
  2829 | D:4      | Reached skill level 5 in Stealth
  2893 | D:4      | Found a glowing golden altar of the Shining One.
  3043 | D:4      | Reached XP level 6. HP: 30/32 MP: 5/7
  3065 | D:4      | Reached skill level 5 in Short Blades
  3065 | D:4      | Reached skill level 6 in Stealth
  3071 | D:4      | Reached XP level 7. HP: 27/35 MP: 8/8
  3163 | D:5      | Entered Level 5 of the Dungeon
  3194 | D:5      | HP: 7/33 [acid (4)]
  3274 | D:5      | Noticed a small abomination
  3276 | D:5      | Found a transporter.
  3316 | D:5      | Found a transporter.
  3330 | D:5      | Reached skill level 7 in Stealth
  3333 | D:5      | Found a glowing drain.
  3359 | Sewer    | Entered a sewer
  3498 | Sewer    | Reached skill level 6 in Short Blades
  3514 | Sewer    | Reached **** piety under Trog
  3615 | Sewer    | Reached skill level 8 in Stealth
  3615 | Sewer    | Gained mutation: You have razor-sharp teeth. [Vine Stalker
                  | growth]
  3615 | Sewer    | Reached XP level 8. HP: 19/39 MP: 9/9
  3615 | Sewer    | Identified the +3 scimitar "Jellyslayer" {drain, rC+ Dex+4}
  3846 | D:5      | Found a one-way gate to the infinite horrors of the Abyss.
  3846 | D:5      | Noticed GloriousHammer's ghost (novice MiFi)
  4152 | D:5      | Noticed Ijyb
  4159 | D:5      | Killed Ijyb
  4486 | D:6      | Reached skill level 9 in Stealth
  4513 | D:6      | Reached skill level 7 in Short Blades
  4610 | D:6      | Identified the +4 dagger of Vozodghak {elec, Int+3}
  5048 | D:6      | Reached skill level 8 in Short Blades
  5430 | D:7      | Noticed Menkaure
  5443 | D:7      | HP: 4/39 [Menkaure (20)]
  5446 | D:7      | Killed Menkaure
  5447 | D:7      | Reached XP level 9. HP: 11/43 MP: 1/10
  5449 | D:7      | HP: 11/64 [kobold/+0 short sword (4)]
  5456 | D:7      | HP: 15/64 [kobold/+0 whip (2)]
  5456 | D:7      | Noticed Maggie
  5476 | D:7      | Killed Maggie
  5477 | D:7      | Reached skill level 9 in Short Blades
  5783 | D:7      | Found a staircase to the Ecumenical Temple.
  5789 | D:7      | Noticed Pikel
  5801 | D:7      | Killed Pikel
  5802 | D:7      | Reached skill level 10 in Short Blades
  5802 | D:7      | Reached skill level 2 in Dodging
  5894 | D:7      | Reached skill level 3 in Dodging
  6130 | D:7      | Found a shadowy altar of Dithmenos.
  6150 | D:7      | Found a glowing silver altar of Zin.
  6226 | Temple   | Entered the Ecumenical Temple
  6587 | D:8      | Reached skill level 4 in Dodging
  6764 | D:8      | Reached skill level 5 in Dodging
  6764 | D:8      | Reached XP level 10. HP: 47/47 MP: 11/11
  6777 | D:8      | HP: 11/47 [killer bee (4)]
  6780 | D:8      | HP: 5/47 [killer bee (4)]
  6903 | D:8      | Found Gewut's Book Shop.
  7313 | D:9      | Noticed a kobold demonologist
  7325 | D:9      | Killed a kobold demonologist
  7326 | D:9      | Reached skill level 6 in Dodging
  7474 | D:9      | Noticed Psyche
  7483 | D:9      | Killed Psyche
  7527 | D:9      | Noticed Erolcha
  7535 | D:9      | Killed Erolcha
  7536 | D:9      | Reached skill level 7 in Dodging
  7585 | D:9      | Found Boprutte's Weapon Emporium.
  7798 | D:9      | Noticed Maurice
  7804 | D:9      | Killed Maurice
  7805 | D:9      | Reached skill level 8 in Dodging
  7948 | D:9      | Found a hazy altar of Hepliaklqana.
  8062 | D:10     | Entered Level 10 of the Dungeon
  8070 | D:10     | Found Doipipp's Assorted Antiques.
  8076 | D:10     | Bought a viscous green potion for 27 gold pieces
  8076 | D:10     | Bought a sedimented sapphire potion for 27 gold pieces
  8109 | D:10     | Reached ***** piety under Trog
  8177 | D:10     | Found a bloodstained altar of Trog.
  8235 | D:10     | Found Der Idoa's Distillery.
  8263 | D:10     | Bought a potion of lignification for 48 gold pieces
  8263 | D:10     | Bought a potion of might for 64 gold pieces
  8263 | D:10     | Bought a potion of resistance for 160 gold pieces
  8263 | D:10     | Bought a potion of ambrosia for 128 gold pieces
  8313 | D:10     | Found a flagged portal.
  8325 | Bailey   | Entered a bailey
  8417 | Bailey   | Reached skill level 9 in Dodging
  8419 | Bailey   | HP: 11/47 [poisoned by a kobold brigand]
  8422 | Bailey   | HP: 5/47 [poisoned by a kobold brigand]
  8423 | Bailey   | Reached XP level 11. HP: 5/51 MP: 10/12
  8427 | Bailey   | HP: 4/51 [poisoned by a kobold brigand]
  8462 | Bailey   | Found a burning altar of Makhleb.
  8484 | Bailey   | Identified the +0 chain mail of the Guardian {Harm rF+
                  | Int-5 Dex+2}
  8593 | D:10     | Found Owumezee's General Store.
  8599 | D:10     | Bought a scroll of summoning for 152 gold pieces
  8684 | D:10     | Found a sacrificial altar of Ru.
  8687 | D:10     | Found a staircase to the Lair.
  8748 | D:10     | Noticed a two-headed ogre
  8761 | D:10     | Killed a two-headed ogre
  8762 | D:10     | Reached skill level 10 in Dodging
  8764 | D:10     | Noticed a two-headed ogre
  8777 | D:10     | Killed a two-headed ogre
  9146 | D:11     | Identified the "Geyhayg"
  9228 | D:11     | Noticed a boulder beetle
  9234 | D:11     | Killed a boulder beetle
  9371 | D:11     | Reached skill level 11 in Dodging
  9443 | D:11     | Noticed a manticore
  9453 | D:11     | Noticed a boulder beetle
  9488 | D:11     | Killed a boulder beetle
  9491 | D:11     | Noticed Snorg
  9505 | D:11     | Killed Snorg
  9506 | D:11     | Reached skill level 12 in Dodging
  9599 | D:11     | Killed a manticore
  9600 | D:11     | Reached XP level 12. HP: 53/56 MP: 13/13
  9953 | D:12     | Reached skill level 3 in Fighting
  9956 | D:12     | Noticed a boulder beetle
  9981 | D:12     | Killed a boulder beetle
 10139 | D:12     | Noticed a two-headed ogre
 10151 | D:12     | Reached skill level 4 in Fighting
 10164 | D:12     | Killed a two-headed ogre
 10287 | D:12     | Noticed a centaur warrior
 10311 | D:12     | Killed a centaur warrior
 10402 | D:12     | Found a staircase to the Orcish Mines.
 10598 | D:12     | Noticed a boulder beetle
 10639 | D:12     | Killed a boulder beetle
 10640 | D:12     | Reached skill level 5 in Fighting
 10651 | D:12     | Received a gift from Trog
 11125 | D:13     | Noticed a centaur warrior
 11136 | D:13     | Killed a centaur warrior
 11137 | D:13     | Reached skill level 13 in Dodging
 11175 | D:13     | Noticed a two-headed ogre
 11175 | D:13     | Noticed a two-headed ogre
 11176 | D:13     | Found a gate to the Vaults.
 11176 | D:13     | Noticed an ogre mage
 11181 | D:13     | Killed a two-headed ogre
 11182 | D:13     | Killed a two-headed ogre
 11183 | D:13     | Reached skill level 6 in Fighting
 11190 | D:13     | Killed an ogre mage
 11381 | D:13     | Identified the +8 falchion "Wasic" {heavy, Will+}
 11417 | D:13     | Noticed a centaur warrior
 11420 | D:13     | Noticed Azrael
 11427 | D:13     | HP: 14/62 [fire elemental[Azrael] (8)]
 11429 | D:13     | Killed Azrael
 11430 | D:13     | Reached XP level 13. HP: 21/66 MP: 10/14
 11718 | D:13     | Noticed Rupert
 11732 | D:13     | HP: 13/99 [Rupert/+4 great sword of electrocution (13)]
 11734 | D:13     | Killed Rupert
 11735 | D:13     | Reached skill level 7 in Fighting
 12070 | D:13     | magus.rc [v1.9.6]
 12084 | D:14     | Reached skill level 11 in Short Blades
 12148 | D:14     | Noticed Josephine
 12167 | D:14     | Killed Josephine
 12253 | D:14     | HP: 12/67 [poisoned by a green ugly thing]
 12254 | D:14     | Succumbed to a green ugly thing's poison

Vanquished Creatures
  Rupert (D:13)
  Snorg (D:11)
  Josephine (D:14)
  Erolcha (D:9)
  A death knight (D:14)
  4 boulder beetles
  An ogre mage (D:13)
  3 centaur warriors
  3 two-headed ogres
  Pikel (D:7)
  2 deep elf pyromancers (D:12)
  4 ugly things
  2 manticores
  Maurice (D:9)
  An elephant (D:10)
  2 gargoyles (D:12)
  Psyche (D:9)
  Maggie (D:7)
  A tengu conjurer (D:13)
  A kobold demonologist (D:9)
  6 trolls
  2 wyverns (D:10)
  A shadow (D:12)
  7 yaks (D:11)
  A basilisk (D:13)
  4 wraiths
  Menkaure (D:7)
  2 vampire mosquitoes (D:12)
  An acid dragon (D:10)
  A water moccasin (D:5)
  5 orc warriors
  An ice beast (D:6)
  2 black bears (D:10)
  3 sky beasts
  An ogre (D:6)
  5 centaurs
  10 kobold brigands
  5 necrophages (D:4)
  5 bullfrogs
  A gnoll sergeant (D:12)
  A scorpion (D:5)
  6 killer bees (D:8)
  An electric eel (D:8)
  10 howler monkeys
  3 jellies
  3 hounds
  7 orc priests
  3 iguanas
  A sleepcap (D:6)
  5 orc wizards
  Ijyb (D:5)
  A hound zombie (D:4)
  2 gnolls (D:12)
  10 adders
  2 shadow imps (D:6)
  4 white imps
  4 ufetubi (D:6)
  An adder zombie (D:4)
  2 worms (D:2)
  2 dart slugs (D:4)
  30 orcs
  13 ball pythons
  7 endoplasms
  11 giant cockroaches
  6 hobgoblins
  5 quokkas
  6 bats
  7 frilled lizards
  10 goblins
  48 kobolds
  6 rats
315 creatures vanquished.

Vanquished Creatures (collateral kills)
  Azrael (D:13)
  2 two-headed ogres (D:13)
  A deep elf pyromancer (D:13)
  3 fire elementals (D:13)
  2 hell hounds (D:13)
  3 orc warriors (Bailey)
  2 kobold brigands (Bailey)
14 creatures vanquished.

Grand Total: 329 creatures vanquished

Table legend:
 A = Non-vault XP
 B = Vault XP
 C = Vault XP percentage of total XP
 D = Non-vault monster count
 E = Vault monster count
 F = Vault count percentage of total count
                 A         B        C        D         E       F
            +---------+---------+-------+---------+---------+-------
      Total |   25581 |   14267 |  35.8 |     242 |      87 |  26.4
            +---------+---------+-------+---------+---------+-------
        D:1 |      39 |       5 |  11.4 |      26 |       4 |  13.3
        D:2 |      39 |       0 |   0.0 |      12 |       0 |   0.0
        D:3 |     137 |       0 |   0.0 |      21 |       0 |   0.0
        D:4 |      93 |     458 |  83.1 |      13 |       7 |  35.0
        D:5 |     425 |      38 |   8.2 |       9 |       3 |  25.0
        D:6 |     662 |      35 |   5.0 |      18 |       3 |  14.3
        D:7 |     520 |    1268 |  70.9 |      19 |       4 |  17.4
        D:8 |    1125 |       0 |   0.0 |      26 |       0 |   0.0
        D:9 |    1269 |    1746 |  57.9 |      14 |       3 |  17.6
       D:10 |    2619 |     936 |  26.3 |      30 |       8 |  21.1
       D:11 |    5107 |     959 |  15.8 |      19 |       1 |   5.0
       D:12 |    7148 |       0 |   0.0 |      21 |       0 |   0.0
       D:13 |    3708 |    6191 |  62.5 |       9 |      10 |  52.6
       D:14 |    2690 |    1325 |  33.0 |       5 |       3 |  37.5
      Sewer |       0 |     246 | 100.0 |       0 |      23 | 100.0
     Bailey |       0 |    1060 | 100.0 |       0 |      18 | 100.0
            +---------+---------+-------+---------+---------+-------

Skill      XL: |  1  2  3  4  5  6  7  8  9 10 11 12 13 |
---------------+----------------------------------------+-----
Stealth        | 1 2 3 4 5 6 8 9 |  9.0
Short Blades   | 3 4 5 6 8 10 11 | 11.2
Dodging        | 5 9 12 13 | 13.6
Fighting       | 6 7 |  7.5
Armour         | |  1.6

Action                     |  1- 3 |  4- 6 |  7- 9 | 10-12 | 13-15 || total
---------------------------+-------+-------+-------+-------+-------++-------
  Melee: Short sword       |   102 |   170 |   216 |       |       ||   488
         Bite              |    15 |    75 |   108 |   164 |    40 ||   402
         Punch             |       |     1 |     7 |     5 |     1 ||    14
         Dagger            |       |       |   151 |   445 |       ||   596
         Quick blade       |       |       |       |    45 |   120 ||   165
  Throw: Dart              |       |       |       |     6 |       ||     6
         Throwing net      |       |       |       |     1 |       ||     1
 Invoke: Berserk           |       |     1 |     2 |     7 |     1 ||    11
         Trog's Hand       |       |       |     1 |     5 |       ||     6
         Brothers in Arms  |       |       |       |     3 |       ||     3
  Evoke: Wand              |       |       |     2 |    13 |       ||    15
    Use: Potion            |       |     1 |       |     3 |     2 ||     6
         Scroll            |       |       |    12 |     4 |       ||    16
   Stab: Sleeping          |    16 |    10 |    19 |    18 |     2 ||    65
         Distracted        |       |     1 |     1 |     1 |       ||     3
 Armour: Animal skin       |    45 |    55 |   112 |       |       ||   212
         Steam dragon scal |       |       |    38 |   169 |    27 ||   234
         Skin              |       |       |       |    13 |       ||    13
  Dodge: Dodged            |    47 |    58 |   122 |   275 |    33 ||   535
  Block: Other             |       |       |    25 |    86 |    12 ||   123
         Reflection        |       |       |       |     9 |       ||     9

Illustrated notes

Table legend:
 A = Kills in this place as a percentage of kills in the entire game.
 B = Kills by you in this place as a percentage of kills by you in the entire game.
 C = Kills by friends in this place as a percentage of kills by friends in the entire game.
 D = Other kills in this place as a percentage of other kills in the entire game.
 E = Experience gained in this place as a percentage of experience gained in the entire game.
 F = Experience gained in this place divided by the number of levels of this place that you have seen.
                   A       B       C       D       E      F
               +-------+-------+-------+-------+-------+----------------------
         Total | 100.0 | 100.0 | 100.0 |   N/A | 100.0 | 2344.0
       Dungeon |  87.5 |  88.6 |  64.3 |   N/A |  96.7 | 2753.0
         Sewer |   7.0 |   7.3 |   0.0 |   N/A |   0.6 | 246.0
        Bailey |   5.5 |   4.1 |  35.7 |   N/A |   2.7 | 1060.0
               +-------+-------+-------+-------+-------+----------------------

Table legend: (Time is in decaauts)
 A = Elapsed time spent in this place.
 B = Non-inter-level travel time spent in this place.
 C = Inter-level travel time spent in this place.
 D = Time resting spent in this place.
 E = Time spent auto-exploring this place.
 F = Levels seen in this place.
 G = Mean time per level.
                   A        B        C        D        E       F      G
               +--------+--------+--------+--------+--------+-----+--------+
         Total |  12073 |  11548 |    525 |    141 |   8784 |  17 |  710.2 |
       Dungeon |  11381 |  10856 |    525 |    116 |   8513 |  14 |  812.9 |
        Temple |      1 |      1 |      0 |      0 |      0 |   1 |    1.0 |
         Sewer |    523 |    523 |      0 |      0 |    237 |   1 |  523.0 |
        Bailey |    167 |    167 |      0 |     25 |     33 |   1 |  167.0 |
               +--------+--------+--------+--------+--------+-----+--------+

Top non-repeatable levels by time:
     D:8: 1093 daAuts
    D:13: 1071 daAuts
    D:12: 1044 daAuts
     D:7: 1007 daAuts
     D:6: 958 daAuts
     D:4: 877 daAuts
     D:3: 867 daAuts
    D:10: 850 daAuts
    D:11: 743 daAuts
     D:2: 741 daAuts
     D:9: 698 daAuts
     D:1: 632 daAuts
     D:5: 582 daAuts
   Sewer: 523 daAuts
    D:14: 212 daAuts
